 Dungeon Crawl Stone Soup version 0.18.1-50-g88ac8fd (webtiles) character file.

854 Gargoyl the Agent of Entropy (level 7, -2/54 HPs)
             Began as a Demonspawn Abyssal Knight on Oct 26, 2016.
             Was a Priest of Lugonu.
             Slain by an orc warrior
             ... wielding a +0 long sword
              (9 damage)
             ... on level 6 of the Dungeon.
             The game lasted 00:11:52 (6967 turns).

Gargoyl the Agent of Entropy (DsAK)                 Turns: 6967, Time: 00:11:53

Health: -2/54      AC: 16    Str: 14    XL:     7   Next: 70%
Magic:  10/10      EV: 10    Int: 13    God:    Lugonu [***...]
Gold:   275        SH:  4    Dex: 15    Spells: 0 memorised, 6 levels left

rFire  . . .     SeeInvis +     y - +1 war axe (chop)
rCold  + . .     Gourm    .     w - +0 scale mail
rNeg   . . .     Faith    .     e - +0 buckler
rPois  .         Spirit   .     j - +2 hat
rElec  .         Dismiss  .     (no cloak)
rCorr  .         Reflect  .     (no gloves)
SustAt .         Harm     .     r - +2 pair of boots
MR     .....                    (no amulet)
Stlth  +.........               q - ring of see invisible
                                h - +4 ring of protection

@: not resistant to hostile enchantments, very unstealthy
A: thin skeletal structure 1, cold resistance 1, powered by pain 1, freezing
cloud immunity
a: Depart the Abyss, Bend Space, Banish, Renounce Religion


You were on level 6 of the Dungeon.
You worshipped Lugonu.
Lugonu was most pleased with you.
You were not hungry.

You visited 1 branch of the dungeon, and saw 6 of its levels.
You visited the Abyss 1 time.

You collected 275 gold pieces.

Inventory:

Hand Weapons
 u - a +0 war axe
 y - a +1 war axe of chopping (weapon)
 z - a +3 trident
Armour
 e - a +0 buckler (worn)
 j - a +2 hat (worn)
 r - a +2 pair of boots (worn)
 w - a +0 scale mail (worn)
Jewellery
 h - a +4 ring of protection (left hand)
 q - a ring of see invisible (right hand)
Wands
 b - a wand of slowing (35/48)
Scrolls
 l - 6 scrolls of identify
 n - a scroll of fog
 A - 2 scrolls of remove curse
Potions
 a - a potion of invisibility
 f - a potion of might {unknown}
 i - a potion of berserk rage {unknown}
 k - 3 potions of agility
 m - 6 potions of curing {unknown}
 s - a potion of brilliance {unknown}
 v - a potion of heal wounds {unknown}
 D - a potion of flight {unknown}
Books
 p - a book of Enchantments

   Spells                             Type                      Level
   a - Cause Fear                     Hexes                        4
   b - Yara's Violent Unravelling     Hexes/Transmutation          5
   c - Silence                        Hexes/Air                    5
   d - Deflect Missiles               Charms/Air                   6
   e - Haste                          Charms                       6
   f - Discord                        Hexes                        8
 C - a book of Air

   Spells                             Type                      Level
   a - Shock                          Conjuration/Air              1
   b - Swiftness                      Charms/Air                   2
   c - Repel Missiles                 Charms/Air                   2
   d - Static Discharge               Conjuration/Air              3
   e - Lightning Bolt                 Conjuration/Air              5
Comestibles
 c - 3 bread rations
 d - 5 slices of pizza
 g - 2 beef jerkies
 o - 2 fruits
 x - a meat ration
 B - a royal jelly


   Skills:
 + Level 4.1 Fighting
 + Level 3.1 Axes
   Level 2.4 Bows
 + Level 1.0 Throwing
 * Level 4.5 Armour
 + Level 3.0 Dodging
 + Level 0.8 Shields
 * Level 5.2 Invocations


You had 6 spell levels left.
You didn't know any spells.

Dungeon Overview and Level Annotations

Branches:
Dungeon (6/15)             Temple (0/1) D:5

Altars:
Ru
Xom
Zin


Innate Abilities, Weirdness & Mutations

You have a somewhat thin skeletal structure (Dex +2, Stealth).
Your flesh is cold resistant.
You sometimes gain a little power by taking damage.
You are immune to freezing clouds.


Message History

The orc warrior is almost dead.
The orc warrior hits you with a long sword!
You closely miss the orc warrior.
The orc warrior is almost dead.
The orc warrior hits you but does no damage.
The orc warrior hits you with a long sword.
You closely miss the orc warrior.
The orc warrior is almost dead.
You block the orc warrior's attack.
You completely miss the orc warrior.
The orc warrior is almost dead.
The orc warrior hits you but does no damage.
You closely miss the orc warrior.
The orc warrior is almost dead.
The orc warrior hits you with a long sword!
* * * LOW HITPOINT WARNING * * *
You hit the orc warrior but do no damage.
The orc warrior is almost dead.
The orc warrior hits you with a long sword!
You die...

######.##.#####
..##...........#
#.##.####.##.#.#
#.##.#<........##
#.##.####.##....#
#.##.#........#.#
####..#.###..##..#.###
#....o..# #..##..#...#
#...)@..+ #..##(####.#
#....[..# #..##......#
#####+### ...#########
###.# #.# #.#


You could see an orc warrior.

Vanquished Creatures
  Edmund (D:4)
  An ogre (D:5)
  A centaur (D:5)
  Blork the orc (D:4)
  A scorpion (D:4)
  2 giant frog skeletons
  A hound (D:5)
  An orc wizard (D:6)
  An orc priest (D:6)
  Ijyb (D:3)
  4 worker ants
  6 adders
  An ooze (D:2)
  2 adder skeletons
  A worm (D:2)
  A dart slug (D:2)
  10 giant geckos
  10 orcs
  2 ball pythons
  5 bats
  6 giant cockroaches
  9 goblins
  9 hobgoblins
  12 jackals
  6 kobolds
  2 quokkas
  4 giant newts
  11 rats
112 creatures vanquished.

Notes
Turn   | Place    | Note
--------------------------------------------------------------
     0 | Abyss:1  | Gargoyl the Demonspawn Abyssal Knight began the quest for the Orb.
     0 | Abyss:1  | Reached XP level 1. HP: 18/18 MP: 2/2
    36 | Abyss:2  | Noticed a lich
    36 | Abyss:2  | Noticed a spatial maelstrom
    44 | Abyss:2  | Noticed a spatial vortex
    86 | Abyss:2  | Noticed a large abomination
    91 | Abyss:2  | Noticed a small abomination
   101 | Abyss:2  | Noticed a troll
   102 | D:1      | Escaped the Abyss
   406 | D:1      | Reached skill level 1 in Dodging
   672 | D:1      | Gained mutation: You have a somewhat thin skeletal structure (Dex +2, Stealth). [demonic ancestry]
   672 | D:1      | Reached XP level 2. HP: 15/24 MP: 4/4
   859 | D:1      | Reached * piety under Lugonu
  1425 | D:1      | Gained mutation: Your flesh is cold resistant. [demonic ancestry]
  1425 | D:1      | Reached XP level 3. HP: 29/29 MP: 5/5
  1497 | D:2      | Found a shimmering altar of Xom.
  1561 | D:2      | Reached skill level 3 in Invocations
  1719 | D:2      | Noticed an angel
  1723 | D:2      | Found a glowing silver altar of Zin.
  2111 | D:2      | Gained mutation: You sometimes gain a little power by taking damage. [demonic ancestry]
  2111 | D:2      | Reached XP level 4. HP: 19/35 MP: 6/6
  2512 | D:2      | Reached ** piety under Lugonu
  4038 | D:3      | Found a faded altar to an unknown god.
  4113 | D:3      | Noticed Ijyb
  4132 | D:3      | Killed Ijyb
  4132 | D:3      | Reached XP level 5. HP: 26/42 MP: 7/7
  5155 | D:4      | Reached skill level 4 in Invocations
  5218 | D:4      | Reached XP level 6. HP: 48/48 MP: 9/9
  5239 | D:4      | Noticed Blork the orc
  5248 | D:4      | Killed Blork the orc
  5248 | D:4      | Reached skill level 1 in Bows
  5362 | D:4      | Found a sacrificial altar of Ru.
  5604 | D:5      | Entered Level 5 of the Dungeon
  5604 | D:5      | Noticed Edmund
  5633 | D:4      | Killed Edmund
  5671 | D:5      | Gained mutation: You are immune to freezing clouds. [demonic ancestry]
  5671 | D:5      | Reached XP level 7. HP: 15/53 MP: 10/10
  6027 | D:5      | Found a staircase to the Ecumenical Temple.
  6046 | D:5      | Reached *** piety under Lugonu
  6046 | D:5      | Reached skill level 1 in Throwing
  6482 | D:5      | Reached skill level 5 in Invocations
  6967 | D:6      | Slain by an orc warrior

Skill      XL: |  1  2  3  4  5  6  7 |
---------------+----------------------+-----
Dodging        | 1 2 3 |  3.0
Armour         | 2 3 4 |  4.5
Invocations    | 3 4 5 |  5.2
Axes           | 2 3 |  3.1
Bows           | 2 |  2.4
Fighting       | 4 |  4.1
Throwing       | 1 |  1.0
Shields        | |  0.8

Action                   |  1- 3 |  4- 6 |  7- 9 || total
-------------------------+-------+-------+-------++-------
Melee: Hand axe          |    97 |   126 |       ||   223
       War axe           |       |    20 |   142 ||   162
       Trident           |       |     6 |       ||     6
 Fire: Shortbow          |       |    73 |       ||    73
Throw: Tomahawk          |       |     5 |       ||     5
Invok: Depart the Abyss  |     1 |       |       ||     1
  Use: Potion            |     1 |       |       ||     1
       Scroll            |     2 |     3 |     5 ||    10
 Stab: Distracted        |       |     1 |       ||     1
       Sleeping          |       |     1 |       ||     1
  Eat: Chunk             |     4 |    11 |     5 ||    20
Armor: Leather armour    |    48 |    49 |       ||    97
       Scale mail        |       |    33 |    90 ||   123
Dodge: Dodged            |    74 |   106 |    83 ||   263
Block: Buckler           |     9 |    24 |    21 ||    54
